 Dungeon Crawl Stone Soup version 0.24-a0-203-gf0bc1e9 (webtiles) character file.

Game seed: 11480585768615928190

52 Borgoz the Cutter (level 4, -1/27 HPs)
             Began as a Kobold Gladiator on Mar 27, 2019.
             Slain by a gnoll
             ... wielding a +0 spear
              (11 damage)
             ... on level 2 of the Dungeon.
             The game lasted 00:01:21 (904 turns).

Borgoz the Cutter (Kobold Gladiator)                 Turns: 904, Time: 00:01:22

Health: -1/27      AC:  5    Str: 12    XL:     4   Next: 8%
Magic:  4/4        EV: 16    Int:  9    God:
Gold:   57         SH:  0    Dex: 16    Spells: 3/3 levels left

rFire    . . .     SeeInvis .   a - +0 rapier
rCold    . . .     Gourm    .   (shield restricted)
rNeg     . . .     Faith    .   b - +0 leather armour
rPois    .         Spirit   .   c - +0 helmet
rElec    .         Reflect  .   (no cloak)
rCorr    .         Harm     .   (no gloves)
MR       .....                  e - +0 pair of boots
Stlth    ++........             (no amulet)
HPRegen  0.09/turn              (no ring)
MPRegen  0.09/turn              (no ring)

@: no status effects
A: small, carnivore
a: no special abilities


You were on level 2 of the Dungeon.
You were very full.

You visited 1 branch of the dungeon, and saw 2 of its levels.

You collected 57 gold pieces.

Inventory:

Hand Weapons
 a - a +0 rapier (weapon)
Missiles
 d - 3 throwing nets (quivered)
Armour
 b - a +0 leather armour (worn)
 c - a +0 helmet (worn)
 e - a +0 pair of boots (worn)
Jewellery
 j - a cursed -2 ring of evasion {unknown}
Scrolls
 h - a scroll of immolation {unknown}
 i - a scroll of fog {unknown}
 k - a scroll of remove curse {unknown}
 l - a scroll of identify {unknown}
Potions
 g - a potion of degeneration {unknown}
 m - a potion of curing {unknown}
Comestibles
 f - a ration


   Skills:
 + Level 2.7 Fighting
 * Level 4.5 Short Blades
 + Level 2.5 Throwing
 * Level 1.0 Armour
 * Level 4.1 Dodging
 + Level 1.2 Stealth


You had 3 spell levels left.
You didn't know any spells.
Your spell library was empty.

Dungeon Overview and Level Annotations

Branches:
Dungeon (2/15)

Altars:
Cheibriados


Innate Abilities, Weirdness & Mutations

You are small and have problems with some larger weapons.
You are carnivorous and can eat meat at any time.


Message History

The gnoll is lightly wounded.
The gnoll hits you but does no damage. The gnoll completely misses you.
You hit the gnoll.
The gnoll is moderately wounded.
The gnoll hits you from afar with a +0 spear.
The gnoll hits you but does no damage.
You hit the gnoll.
The gnoll is severely wounded.
The gnoll hits you from afar with a +0 spear.
The gnoll barely misses you.
You hit the gnoll.
You kill the gnoll!
Your Armour skill increases to level 1!
You have reached level 4!
The gnoll barely misses you. The gnoll misses you.
Items here: )) †† a cursed -2 whip; a +0 spear; a gnoll corpse x2
You closely miss the gnoll. The gnoll hits you with a +0 spear!
You die...

##.# ......g
... ..[.g..
##.# ......g
#..## .......
#...# .?.....
#...# .......
#...#
.......###...#
.......g@....#
##.##.#####..#
#. #####..#
#.##..<#.##
#.#......#
#.#..##.##
#.#..##.#
#.#.)##.###.
#.).........


You could see a gnoll.

Vanquished Creatures
  2 gnolls (D:2)
  A worm (D:2)
  2 dart slugs (D:1)
  4 goblins
  7 hobgoblins
  A bat (D:1)
  2 frilled lizards
  5 kobolds (D:1)
  A rat (D:2)
25 creatures vanquished.

Notes
Turn   | Place    | Note
-------+----------+-------------------------------------------
     0 | D:1      | Borgoz the Kobold Gladiator began the quest for the Orb.
     0 | D:1      | Reached XP level 1. HP: 12/12 MP: 1/1
    72 | D:1      | Reached XP level 2. HP: 17/17 MP: 2/2
   235 | D:1      | Found a snail-covered altar of Cheibriados.
   261 | D:1      | Reached XP level 3. HP: 21/22 MP: 3/3
   579 | D:2      | Reached skill level 1 in Stealth
   902 | D:2      | Reached skill level 1 in Armour
   902 | D:2      | Reached XP level 4. HP: 10/27 MP: 4/4
   904 | D:2      | Slain by a gnoll

Levels and vault maps discovered:
D:1:      nzn_arrival_settlement, layout_basic, minmay_hedge_maze,
          cheibriados_altar_1
D:2:      layout_basic, gammafunk_temple_overflow_elements, uniq_sigmund

Skill      XL: |  1  2  3 |
---------------+----------+-----
Dodging        | 4 |  4.1
Stealth        | 1 |  1.2
Armour         | 1 |  1.0
Fighting       | |  2.7
Short Blades   | |  4.5
Throwing       | |  2.5

Action                   |  1- 3 |  4- 6 || total
-------------------------+-------+-------++-------
Melee: Rapier            |    71 |     1 ||    72
Throw: Throwing net      |     1 |       ||     1
 Stab: Sleeping          |     1 |       ||     1
       Held in net/web   |     1 |       ||     1
  Eat: Chunk             |     6 |       ||     6
Armor: Leather armour    |     9 |       ||     9
Dodge: Dodged            |    48 |     2 ||    50

Table legend:
 A = Non-vault XP
 B = Vault XP
 C = Vault XP percentage of total XP
 D = Non-vault monster count
 E = Vault monster count
 F = Vault count percentage of total count
                 A         B        C        D         E       F
            +---------+---------+-------+---------+---------+-------
      Total |      75 |       0 |   0.0 |      25 |       0 |   0.0
            +---------+---------+-------+---------+---------+-------
        D:1 |      33 |       0 |   0.0 |      17 |       0 |   0.0
        D:2 |      42 |       0 |   0.0 |       8 |       0 |   0.0
            +---------+---------+-------+---------+---------+-------
